[ AOE2 MATCH · #479922693 ]
UnrankedShu vs None
Player's team · LOSS
Rival team · WIN
[ REPLAY ANALYSIS · EXTRACTED FROM THE RECORDED GAME ]
Feudal
—
Castle
—
Imperial
—
| APM avg | 15.2 |
| APM peak | 25 |
| eAPM avg | 10.9 |
| Villagers / military | 20 / 0 |
Focus
⚔️ 17.3% · 🌾 82.7%
Feudal
—
Castle
—
Imperial
—
| APM avg | 25.0 |
| APM peak | 41 |
| eAPM avg | 24.3 |
| Villagers / military | 19 / 0 |
Focus
⚔️ 6.5% · 🌾 93.5%
Feudal
—
Castle
—
Imperial
—
| APM avg | 8.5 |
| APM peak | 25 |
| eAPM avg | 8.1 |
| Villagers / military | 8 / 0 |
Focus
⚔️ 37.8% · 🌾 62.2%
Feudal
12:31
Castle
—
Imperial
—
| APM avg | 14.5 |
| APM peak | 32 |
| eAPM avg | 13.5 |
| Villagers / military | 9 / 0 |
Focus
⚔️ 14.9% · 🌾 85.1%
Feudal
—
Castle
—
Imperial
—
| APM avg | 15.9 |
| APM peak | 50 |
| eAPM avg | 13.8 |
| Villagers / military | 28 / 0 |
Focus
⚔️ 6.7% · 🌾 93.3%
Feudal
—
Castle
—
Imperial
—
| APM avg | 20.3 |
| APM peak | 41 |
| eAPM avg | 18.5 |
| Villagers / military | 18 / 0 |
Focus
⚔️ 5.6% · 🌾 94.4%
Feudal
4:58
Castle
—
Imperial
—
| APM avg | 11.2 |
| APM peak | 25 |
| eAPM avg | 10.0 |
| Villagers / military | 26 / 0 |
Focus
⚔️ 10.1% · 🌾 89.9%
Feudal
10:38
Castle
—
Imperial
—
| APM avg | 6.2 |
| APM peak | 14 |
| eAPM avg | 5.8 |
| Villagers / military | 21 / 0 |
Focus
⚔️ 0.0% · 🌾 100.0%
Match map
Initial resources + every placement click. Lines = walls · curves = elevation contours. ◆ gold · ⬟ stone · ● berries · ✦ relic · ◌ wall gap
Your base· ✓ Map-separated
unhappy's base· ✓ Map-separated
杯杯's base· ✓ Map-separated
羽落千叶's base· ✓ Map-separated
垃圾小士兵's base· ✓ Map-separated
Fantasy's base· ✓ Map-separated
opsteed's base· ✓ Map-separated
红尘~旧梦's base· ✓ Map-separated
Smoothed initial terrain · ◌ = detected wall gap · hover for details
Inputs per minute
— B站星熙社长 - - unhappy
Build order — B站星熙社长
35 actions detected in the replay
| 0:07 | Create | Villager (Male) |
| 0:10 | Create | Villager (Male) |
| 0:43 | Build | House |
| 0:45 | Create | Villager (Male) |
| 0:47 | Create | Villager (Male) |
| 2:19 | Create | Villager (Male) |
| 2:20 | Create | Villager (Male) |
| 2:20 | Create | Villager (Male) |
| 2:59 | Build | House |
| 3:30 | Create | Villager (Male) |
| 4:07 | Build | House |
| 4:09 | Create | Villager (Male) |
| 4:14 | Create | Villager (Male) |
| 5:16 | Build | Mill |
| 5:58 | Build | Farm |
| 6:04 | Build | House |
| 6:23 | Build | Farm |
| 6:24 | Build | Farm |
| 6:35 | Build | Farm |
| 6:38 | Build | Farm |
| 6:49 | Create | Villager (Male) |
| 6:51 | Create | Villager (Male) |
| 7:03 | Build | Farm |
| 7:24 | Create | Villager (Male) |
| 7:37 | Build | Farm |
| 8:18 | Create | Villager (Male) |
| 8:37 | Build | Lumber Camp |
| 8:49 | Create | Villager (Male) |
| 9:11 | Create | Villager (Male) |
| 9:20 | Create | Villager (Male) |
| 9:32 | Build | House |
| 11:13 | Create | Villager (Male) |
| 11:32 | Create | Villager (Male) |
| 11:45 | Create | Villager (Male) |
| 11:48 | Research | Feudal Age |
Build order — unhappy
34 actions detected in the replay
| 0:11 | Create | Villager (Male) |
| 0:11 | Create | Villager (Male) |
| 0:11 | Create | Villager (Male) |
| 0:12 | Create | Villager (Male) |
| 0:56 | Build | Lumber Camp |
| 1:03 | Build | House |
| 1:44 | Build | Mill |
| 2:28 | Build | Farm |
| 2:57 | Build | Farm |
| 3:12 | Build | Farm |
| 3:46 | Build | Farm |
| 4:07 | Create | Villager (Male) |
| 4:27 | Build | Farm |
| 4:56 | Create | Villager (Male) |
| 5:34 | Create | Villager (Male) |
| 5:41 | Build | House |
| 5:58 | Build | Farm |
| 5:59 | Create | Villager (Male) |
| 6:24 | Create | Villager (Male) |
| 6:51 | Create | Villager (Male) |
| 7:03 | Build | House |
| 7:21 | Create | Villager (Male) |
| 7:45 | Create | Villager (Male) |
| 7:54 | Build | House |
| 7:59 | Create | Villager (Male) |
| 8:25 | Build | Farm |
| 8:34 | Create | Villager (Male) |
| 8:52 | Create | Villager (Male) |
| 9:15 | Create | Villager (Male) |
| 9:41 | Create | Villager (Male) |
| 10:02 | Create | Villager (Male) |
| 10:07 | Build | House |
| 10:13 | Build | House |
| 10:27 | Create | Villager (Male) |
Build order — 杯杯
22 actions detected in the replay
| 0:11 | Create | Villager (Male) |
| 0:11 | Create | Villager (Male) |
| 0:14 | Build | Lumber Camp |
| 0:35 | Build | Mill |
| 0:36 | Create | Villager (Male) |
| 0:57 | Create | Villager (Male) |
| 1:36 | Build | House |
| 2:08 | Build | House |
| 2:37 | Build | Farm |
| 3:32 | Build | Farm |
| 3:46 | Build | Farm |
| 4:26 | Build | House |
| 4:37 | Create | Villager (Male) |
| 4:51 | Build | Farm |
| 5:38 | Create | Villager (Male) |
| 5:41 | Build | Farm |
| 6:13 | Create | Villager (Male) |
| 6:54 | Create | Villager (Male) |
| 7:07 | Build | Farm |
| 7:39 | Build | Farm |
| 9:25 | Build | Farm |
| 10:36 | Research | Feudal Age |
Build order — 羽落千叶
27 actions detected in the replay
| 0:05 | Create | Villager (Male) |
| 0:05 | Create | Villager (Male) |
| 0:09 | Build | Lumber Camp |
| 0:12 | Create | Villager (Male) |
| 0:12 | Create | Villager (Male) |
| 0:18 | Build | Mill |
| 1:16 | Build | House |
| 2:11 | Build | Farm |
| 2:42 | Build | Farm |
| 3:08 | Build | Farm |
| 3:31 | Build | House |
| 4:12 | Create | Villager (Male) |
| 4:41 | Build | Farm |
| 4:51 | Create | Villager (Male) |
| 5:29 | Build | Farm |
| 5:32 | Create | Villager (Male) |
| 6:07 | Create | Villager (Male) |
| 6:59 | Build | Farm |
| 7:05 | Build | House |
| 8:06 | Build | Farm |
| 8:22 | Build | House |
| 8:25 | Create | Villager (Male) |
| 9:41 | Build | Lumber Camp |
| 9:48 | Build | Mill |
| 9:51 | Build | House |
| 10:21 | Research | Feudal Age |
| 12:31 | Age | Feudal Age |
Build order — 垃圾小士兵
43 actions detected in the replay
| 0:04 | Create | Villager (Male) |
| 0:04 | Create | Villager (Male) |
| 0:05 | Create | Villager (Male) |
| 0:13 | Build | Lumber Camp |
| 0:18 | Create | Villager (Male) |
| 0:53 | Research | Loom |
| 0:56 | Build | House |
| 1:15 | Build | Mill |
| 1:19 | Create | Villager (Male) |
| 1:20 | Create | Villager (Male) |
| 2:02 | Build | Farm |
| 2:12 | Build | House |
| 2:44 | Build | Farm |
| 3:27 | Build | Farm |
| 4:02 | Create | Villager (Male) |
| 4:02 | Create | Villager (Male) |
| 4:06 | Build | Farm |
| 5:04 | Create | Villager (Male) |
| 5:29 | Create | Villager (Male) |
| 5:37 | Build | Farm |
| 5:56 | Build | Farm |
| 6:04 | Create | Villager (Male) |
| 6:32 | Create | Villager (Male) |
| 7:02 | Build | House |
| 7:03 | Create | Villager (Male) |
| 7:29 | Create | Villager (Male) |
| 7:49 | Create | Villager (Male) |
| 7:49 | Create | Villager (Male) |
| 8:18 | Create | Villager (Male) |
| 8:39 | Create | Villager (Male) |
| 8:49 | Build | House |
| 9:02 | Create | Villager (Male) |
| 9:02 | Create | Villager (Male) |
| 9:25 | Create | Villager (Male) |
| 9:49 | Create | Villager (Male) |
| 10:21 | Create | Villager (Male) |
| 10:44 | Create | Villager (Male) |
| 10:44 | Create | Villager (Male) |
| 11:31 | Create | Villager (Male) |
| 11:48 | Build | House |
| 11:50 | Build | Lumber Camp |
| 11:58 | Create | Villager (Male) |
| 12:12 | Create | Villager (Male) |
Build order — Fantasy
37 actions detected in the replay
| 0:01 | Create | Villager (Male) |
| 0:02 | Create | Villager (Male) |
| 0:02 | Create | Villager (Male) |
| 0:07 | Build | House |
| 0:12 | Create | Villager (Male) |
| 0:21 | Build | Mill |
| 0:28 | Build | Mill |
| 0:41 | Build | House |
| 1:06 | Build | Farm |
| 1:39 | Build | Farm |
| 1:54 | Research | Loom |
| 2:15 | Build | Farm |
| 3:20 | Build | Farm |
| 3:22 | Create | Villager (Male) |
| 3:46 | Create | Villager (Male) |
| 4:23 | Build | Farm |
| 4:31 | Create | Villager (Male) |
| 4:31 | Create | Villager (Male) |
| 5:18 | Build | Farm |
| 5:20 | Create | Villager (Male) |
| 5:44 | Create | Villager (Male) |
| 6:05 | Build | Farm |
| 6:13 | Create | Villager (Male) |
| 6:29 | Create | Villager (Male) |
| 6:30 | Create | Villager (Male) |
| 6:57 | Build | House |
| 7:03 | Create | Villager (Male) |
| 7:03 | Create | Villager (Male) |
| 7:19 | Create | Villager (Male) |
| 7:47 | Build | Lumber Camp |
| 9:42 | Research | Loom |
| 10:46 | Research | Feudal Age |
| 11:33 | Create | Villager (Male) |
| 11:33 | Create | Villager (Male) |
| 12:00 | Build | Outpost |
| 12:21 | Build | Outpost |
| 12:29 | Build | Outpost |
Build order — opsteed
44 actions detected in the replay
| 0:11 | Build | Lumber Camp |
| 0:13 | Research | Loom |
| 0:13 | Research | Loom |
| 0:20 | Build | House |
| 0:57 | Create | Villager (Male) |
| 0:57 | Create | Villager (Male) |
| 0:58 | Create | Villager (Male) |
| 0:58 | Create | Villager (Male) |
| 0:59 | Create | Villager (Male) |
| 2:07 | Build | Mill |
| 2:48 | Research | Feudal Age |
| 3:22 | Build | House |
| 4:02 | Build | Farm |
| 4:43 | Build | Farm |
| 4:58 | Age | Feudal Age |
| 5:28 | Build | Farm |
| 5:51 | Build | Farm |
| 6:01 | Build | Farm |
| 6:09 | Create | Villager (Male) |
| 6:46 | Create | Villager (Male) |
| 6:47 | Create | Villager (Male) |
| 7:13 | Create | Villager (Male) |
| 7:44 | Build | Farm |
| 7:51 | Build | Farm |
| 8:05 | Create | Villager (Male) |
| 8:07 | Create | Villager (Male) |
| 8:23 | Research | Double-Bit Axe |
| 8:36 | Create | Villager (Male) |
| 8:36 | Create | Villager (Male) |
| 9:06 | Create | Villager (Male) |
| 9:06 | Create | Villager (Male) |
| 9:28 | Create | Villager (Male) |
| 10:05 | Create | Villager (Male) |
| 10:05 | Create | Villager (Male) |
| 10:27 | Research | Horse Collar |
| 10:45 | Build | House |
| 10:58 | Create | Villager (Male) |
| 10:58 | Create | Villager (Male) |
| 11:40 | Create | Villager (Male) |
| 11:40 | Create | Villager (Male) |
| 12:03 | Create | Villager (Male) |
| 12:04 | Create | Villager (Male) |
| 12:40 | Create | Villager (Male) |
| 12:40 | Create | Villager (Male) |
Build order — 红尘~旧梦
34 actions detected in the replay
| 0:02 | Create | Villager (Male) |
| 0:03 | Create | Villager (Male) |
| 0:03 | Create | Villager (Male) |
| 0:04 | Create | Villager (Male) |
| 0:57 | Build | House |
| 1:06 | Build | Lumber Camp |
| 1:08 | Build | House |
| 1:11 | Build | House |
| 1:43 | Create | Villager (Male) |
| 2:12 | Create | Villager (Male) |
| 3:11 | Create | Villager (Male) |
| 3:52 | Create | Villager (Male) |
| 3:55 | Create | Villager (Male) |
| 4:26 | Create | Villager (Male) |
| 4:30 | Build | House |
| 4:35 | Build | House |
| 4:39 | Create | Villager (Male) |
| 5:17 | Create | Villager (Male) |
| 5:24 | Build | House |
| 5:49 | Create | Villager (Male) |
| 6:12 | Create | Villager (Male) |
| 6:46 | Create | Villager (Male) |
| 7:04 | Create | Villager (Male) |
| 7:28 | Create | Villager (Male) |
| 7:32 | Build | Mill |
| 7:44 | Create | Villager (Male) |
| 8:12 | Research | Feudal Age |
| 10:38 | Age | Feudal Age |
| 10:42 | Create | Villager (Male) |
| 10:54 | Create | Villager (Male) |
| 11:00 | Research | Wheelbarrow |
| 11:15 | Build | Market |
| 11:48 | Create | Villager (Male) |
| 12:31 | Build | Blacksmith |
Match timeline
| 4:58 | opsteed · age_up feudal |
| 10:38 | 红尘~旧梦 · age_up feudal |
| 11:55 | 红尘~旧梦 · first_market_sell 100 stone |
| 12:24 | unhappy · resign |
| 12:31 | 羽落千叶 · age_up feudal |
[ AI ANALYSIS · 1 CREDIT ]
What really happened in this match?
Wolo.gg analyzes every decision: build order, eco, micro, common mistakes by bracket. Personalized analysis on WhatsApp or Discord in 30 seconds.
Civ guide
Shu
Perfil
Jugador #21965752